 Dungeon Crawl Stone Soup version 0.19.3 (webtiles) character file.

3 Fartwhistle the Magician (level 1, -1/13 HPs)
             Began as a Mummy Wizard on Jan 22, 2017.
             Killed from afar by a dart slug (7 damage)
             ... with a slug dart
             ... on level 1 of the Dungeon.
             The game lasted 00:00:25 (116 turns).

Fartwhistle the Magician (Mummy Wizard)              Turns: 116, Time: 00:00:26

Health: -1/13      AC:  2    Str: 10    XL:     1   Next: 41%
Magic:  3/4        EV: 12    Int: 17    God:
Gold:   12         SH:  0    Dex: 10    Spells: 1 memorised, 5 levels left

rFire  x . .     SeeInvis .     d - +0 whip
rCold  + . .     Gourm    .     a - +0 robe
rNeg   + + +     Faith    .     (no shield)
rPois  ∞         Spirit   .     b - +0 hat
rElec  .         Reflect  .     (no cloak)
rCorr  .         Harm     .     (no gloves)
MR     .....                    (no boots)
Stlth  ++........               (no amulet)
                                (no ring)
                                (no ring)

@: no status effects
A: no food or potions, fire vulnerability, cold resistance 1, negative energy
resistance 3, torment resistance, unbreathing
a: no special abilities


You were on level 1 of the Dungeon.
You were not hungry.

You visited 1 branch of the dungeon, and saw 1 of its levels.

You collected 12 gold pieces.

Inventory:

Hand Weapons
 d - a +0 whip (weapon)
   (You found it on level 1 of the Dungeon)
Armour
 a - a +0 robe (worn)
 b - a +0 hat (worn)
Scrolls
 e - a scroll of fog {unknown}
 f - a scroll of enchant weapon {unknown}
Books
 c - a book of Minor Magic


   Skills:
 - Level 1.5 Dodging
 - Level 1.5 Stealth
 + Level 3.1 Spellcasting
 + Level 1.0 Conjurations
   Level 0.7 Summonings
   Level 0.7 Translocations


You had 5 spell levels left.
You knew the following spells:

 Your Spells              Type           Power        Failure   Level  Hunger
a - Magic Dart            Conj           #...         14%         1    N/A

Dungeon Overview and Level Annotations

Branches:
Dungeon (1/15)

Altars:


Innate Abilities, Weirdness & Mutations

You do not eat or drink.
Your flesh is vulnerable to fire.
You are immune to poison.
Your flesh is cold resistant. (rC+)
You are immune to negative energy. (rN+++)
You are immune to unholy pain and torment.
You can survive without breathing.


Message History

Welcome, Fartwhistle the Mummy Wizard.
The bosom of this dungeon contains the fabled artefact, the Orb of Zot.
Found a whip.
Found a staircase leading out of the dungeon.
You see here a whip.
d - a whip Wield which item (- for none, * to show all)? (? for menu, Esc to quit)
d - a +0 whip (weapon)
You open the door.
There is an open door here.
e - a scroll labeled DANAFABLEM A bat comes into view.
Aim: a bat (resting)
The magic dart hits the bat.
You now have 3/4 mp.
Aim: a bat (severely wounded)
The magic dart hits the bat.
You kill the bat!
You now have 2/4 mp.
Found a stone staircase leading down.
MP restored: 4
f - a scroll labeled WOON OTINNEUQ A rat comes into view.
Aim: a rat (resting)
The magic dart hits the rat.
You now have 3/4 mp.
Aim: a rat (severely wounded)
The magic dart hits the rat.
You kill the rat!
You now have 2/4 mp.
g - a glass ring A frilled lizard comes into view.
The frilled lizard hisses angrily.
Put on which piece of jewellery? (? for menu, Esc to quit)
You feel more attuned to ice.
g - a ring of ice (left hand)
The frilled lizard bites you.
You take 2 damage, and have 11/13 hp.
You hit the frilled lizard but do no damage.
The frilled lizard barely misses you.
You hit the frilled lizard.
You kill the frilled lizard!
No target in view!
No target in view!
Drop what? 7/52 slots (_ for help) (? for menu, Esc to quit)
You remove your ring of ice.
You drop an uncursed ring of ice.
You now have 12 gold pieces.
A hobgoblin comes into view. It is wielding a club.
The hobgoblin shouts!
Health restored: 13; MP restored: 4 A dart slug comes into view.
The hobgoblin misses you.
You barely miss the hobgoblin. The hobgoblin closely misses you.
You closely miss the hobgoblin. The hobgoblin hits you with a club.
You take 3 damage, and have 10/13 hp.
MASSIVE DAMAGE!!
You hit the hobgoblin. The hobgoblin closely misses you.
You hit the hobgoblin.
You kill the hobgoblin!
Your Conjurations skill increases to level 1!
The dart slug launches a dart at you. The slug dart misses you.
You see here a club.
The dart slug bites you.
* * * LOW HITPOINT WARNING * * *
You take 1 damage, and have 9/13 hp.
You hit the dart slug but do no damage. You hit the dart slug.
The dart slug barely misses you.
You hit the dart slug. The dart slug bites you.
* * * LOW HITPOINT WARNING * * *
You take 3 damage, and have 6/13 hp.
MASSIVE DAMAGE!!
You are too injured to fight recklessly!
Aim: a dart slug (almost dead, clinging)
The magic dart hits the dart slug.
The dart slug launches a dart at you. The slug dart hits you!
Ouch! That really hurt!
You die...

....###.###..##≈≈P.8.P≈≈#.#
.....†........#≈≈.....≈≈#.#
....###.##..#$#≈.......≈8.#
.# #.##.##.#≈P8.<.8P.'.#
.#.###.=...#.#≈.......≈8##
.............#≈≈.....≈≈##
...######..###≈≈P.8.P≈≈# .
#)...##≈≈≈.≈≈≈##
#@##..##≈≈P≈≈## .......w#
...##≈≈≈## .........
...##### ......#... ...
........##. . ........# .#
..... ..# # ######.#.


You could see a dart slug.

Vanquished Creatures
  A hobgoblin (D:1)
  A bat (D:1)
  A frilled lizard (D:1)
  A rat (D:1)
4 creatures vanquished.

Notes
Turn   | Place    | Note
-------+----------+-------------------------------------------
     0 | D:1      | Fartwhistle the Mummy Wizard began the quest for the Orb.
     0 | D:1      | Reached XP level 1. HP: 13/13 MP: 4/4
   110 | D:1      | Reached skill level 1 in Conjurations
   116 | D:1      | Killed from afar by a dart slug

Skill      XL: |  1 |
---------------+----+-----
Conjurations   | 1 |  1.0
Dodging        | |  1.5
Stealth        | |  1.5
Spellcasting   | |  3.1
Summonings     | |  0.7
Translocations | |  0.7

Action                   || total
-------------------------++-------
Melee: Whip              ||     9
 Cast: Magic Dart        ||     5
Dodge: Dodged            ||     6

Vault maps used:
D:1:      lightli_arrival_statuegarden

Table legend:
 A = Turns spent in this place as a percentage of turns spent in the entire game.
 B = Non-inter-level travel turns spent in this place as a percentage of non-inter-level travel turns spent in the entire game.
 C = Inter-level travel turns spent in this place as a percentage of turns spent in this place.
 D = Turns resting spent in this place as a percentage of non-inter-level travel turns spent in this place.
 E = Turns spent auto-exploring this place as a percentage of non-inter-level travel turns spent in this place.
 F = Non-inter-level travel turns spent in this place divided by the number of levels of this place that you've seen.
                   A       B       C       D       E      F
               +-------+-------+-------+-------+-------+----------------------
         Total | 100.0 | 100.0 |   0.0 |   0.0 |  11.1 |  36.0
       Dungeon | 100.0 | 100.0 |   0.0 |   0.0 |  11.1 |  36.0
               +-------+-------+-------+-------+-------+----------------------

Table legend:
 A = Kills in this place as a percentage of kills in entire the game.
 B = Kills by you in this place as a percentage of kills by you in the entire game.
 C = Kills by friends in this place as a percentage of kills by friends in the entire game.
 D = Other kills in this place as a percentage of other kills in the entire game.
 E = Experience gained in this place as a percentage of experience gained in the entire game.
 F = Experience gained in this place divided by the number of levels of this place that you have seen.
                   A       B       C       D       E      F
               +-------+-------+-------+-------+-------+----------------------
         Total | 100.0 | 100.0 |  -nan |  -nan | 100.0 |   5.0
       Dungeon | 100.0 | 100.0 |  -nan |  -nan | 100.0 |   5.0
               +-------+-------+-------+-------+-------+----------------------
